zfc, chaotic male orcish Barbarian ------- -------------------------------- -------- |......# |......(..)%...................| #-......| |.....|###########..------|--------------..-----.| ###|......| |.....[## |.| ...|. |...|....|. +..|...|.| ###|....>.| |......### ..| ..........|@.. |. |..-...|.|### --+----- |.<...| ## |.-..|-- |....@-.-.-.|..|...|.|### |.....| ### |......| |.. |n|..|.....-.--|..% ------- # |.----.| ||---.|.. |.-.)..|..# ### |.| +.-|--..{..-|-- |.|..[...|### # |.| |........+.(..- -.|....|.|# #####..| - ---.----|--......|....|.|# # |.| |.+ |..|-|---------|.|# # #|.| |.| |*+| . |...-.|# #..| |.---|!%| .. |...|.|# |.-+------..{.--------- ------.|# |..............................-# -------------------------------- zfc the Brigand Experience level: 11 Strength: 17 Dexterity: 18 Constitution: 17 Intelligence: 7 Wisdom: 8 Charisma: 5 Health: 0(111) Energy: 7(7) Def: 2 Gold: 932 Moves: 6449 Dungeon seed: ykeaXTZ5xvaDO8bh Game ID: zfc_1531933674 Your Inventory: Coins $ - 932 gold pieces Weapons a - an uncursed rusty +0 battle-axe (weapon in hands) Armor e - an uncursed +0 dwarvish iron helm q - an uncursed +0 dwarvish cloak Y - an uncursed +0 pair of iron shoes (being worn) Scrolls i - an uncursed scroll of create monster u - an uncursed scroll of identify Q - a blessed scroll of identify Potions w - an uncursed potion of healing Rings Z - an uncursed ring of slow digestion Wands c - an uncursed wand of cold (0:2) f - an uncursed wand of create monster (0:15) m - an uncursed wand of create monster (0:13) s - a blessed wand of striking (0:1) y - an uncursed wand of striking (0:4) X - an uncursed wand of create monster (0:11) Tools n - an uncursed skeleton key p - an uncursed towel v - an uncursed can of grease (0:1) x - a blessed tallow candle (0:200) U - an uncursed +0 unicorn horn Spells and supernatural/magical abilities: Name Level Category Fail Memory W - pray for help -- divine ? -- Your skills at the end: Fighting Skills bare handed combat [Basic] Weapon Skills axe [Skilled] short sword [Basic] Spellcasting Skills Final Attributes: You were piously aligned. You were poison resistant. You had infravision. You could teleport. You were fast. You are dead. Vanquished creatures: a doppelganger 2 long worms a warg a warhorse an ogre lord a large cat 3 dwarf kings a red naga 2 pit vipers 2 wraiths a watchman a succubus a giant beetle 3 leprechauns a mumak a giant spider an ice vortex a vampire bat 5 gnome kings a dwarf mummy a yeti a gold golem a lizard a jaguar a blue jelly 2 white unicorns a dust vortex a raven a snake 3 soldier ants 2 imps a mountain nymph 2 rock moles a pony a yellow light 13 gnome lords 6 gnomish wizards a red naga hatchling a gray ooze a barrow wight a straw golem a paper golem 2 little dogs a floating eye a kitten 19 dwarves 2 kobold lords 4 rothes 5 monkeys 3 killer bees an acid blob a gas spore 3 hobbits 11 manes 2 hobgoblins 2 brown molds 2 yellow molds a green mold 2 red molds 60 gnomes 4 garter snakes a gecko 2 jackals 2 kobolds a goblin 4 sewer rats 5 grid bugs 2 lichens 2 newts 220 creatures vanquished. Voluntary challenges: You used a wielded weapon 383 times, starting on turn 55. You read items or engraved 2 times, starting on turn 5762. You never genocided any monsters. You never polymorphed an object. You never changed form. You used no wishes. You never split a pudding. You never wrote Elbereth's name. You violated your moral code, losing 93 points of alignment, starting on turn 82. Dungeon overview: The Dungeons of Doom: levels 1 to 4 Level 1 a long staircase Level 2 an altar to Set Level 3 a general store Level 4 a general store stairs to The Gnomish Mines The Gnomish Mines: levels 5 to 13 Level 5 stairs to The Dungeons of Doom Level 6 Level 7 <- You were here a general store, a temple to Crom, some fountains Level 8 Level 9 Level 10 Level 11 Level 12 Level 13 a fountain History has recorded: On T:1 you entered the Dungeons of Doom to retrieve the Amulet of Yendor! On T:325 you reached level 2 of The Dungeons of Doom. On T:396 you advanced to experience level 2. On T:779 you reached level 3 of The Dungeons of Doom. On T:1070 you reached level 4 of The Dungeons of Doom. On T:1073 you advanced to experience level 3. On T:1427 you reached level 1 of The Gnomish Mines. On T:1434 you advanced to experience level 4. On T:1491 you advanced to experience level 5. On T:1986 you reached level 2 of The Gnomish Mines. On T:2010 you advanced to experience level 6. On T:2778 you reached level 3 of The Gnomish Mines. On T:2894 you advanced to experience level 7. On T:3155 you reached level 4 of The Gnomish Mines. On T:3573 you advanced to experience level 8. On T:3712 you reached level 5 of The Gnomish Mines. On T:3748 you reached level 8 of The Gnomish Mines. On T:4248 you reached level 9 of The Gnomish Mines. On T:4396 you advanced to experience level 11. On T:4624 you reached level 7 of The Gnomish Mines. On T:5807 you reached level 6 of The Gnomish Mines. Score breakdown: Gold: 932 (10102 points) Experience: 11 levels (17616 points) Exploration: 13 levels ( 27.08%) (15158 points) Discoveries: 10 items ( 4.07%) ( 6048 points) Valuables value: (no points given unless you survive) Artifact value: 0 ( 0 points) Variety of kills: 69 monsters ( 18.11%) (12766 points) Turncount: 6449 turns (-1730 points) Survival: died (score multiplied by 80%) Total score: 47968 Latest messages: The ogre swings her silver saber. The cylon hits! Everything looks SO boring now. You smite the watch captain! The watch captain swings her silver saber. The watch captain hits! The watch captain swings her silver saber. The watch captain hits! The mountain nymph pretends to be friendly. The beautiful mountain nymph seduces you and you start taking off your armor. She stole a blessed +2 plate mail. The mountain nymph stole a dwarvish cloak. The mountain nymph stole an uncursed scroll labeled XIXAXA XOXAXA XUXAXA. The watch captain swings her silver saber. The watch captain hits! The watch captain swings her silver saber. The watch captain hits! The mountain nymph stole a wand of striking. The mountain nymph stole a unicorn horn. The watch captain swings her silver saber. The watch captain hits! The watch captain swings her silver saber. The watch captain hits! The mountain nymph zaps a wand of striking! The wand hits you! You die... Final status: Goodbye zfc the Barbarian, killed by a wand, while taking off clothes... You died in The Gnomish Mines on dungeon level 7 with 47968 points, and 932 pieces of gold, after 6449 moves. You were level 11 with a maximum of 111 hit points when you died.